 Dungeon Crawl Stone Soup version 0.27.1-3-gb3d3a73c9e (webtiles) character file.

Game seed: 14113787386291761207

17306 CrypticCrinoid the Severer (level 12, -2/160 HPs)
             Began as a Minotaur Berserker on Oct 21, 2021.
             Was a High Priest of Trog.
             Slain by a spectral wolf spider (6 damage)
             ... in a Gauntlet on Oct 22, 2021.
             The game lasted 00:24:38 (11919 turns).

CrypticCrinoid the Severer (Minotaur Berserker)    Turns: 11919, Time: 00:24:40

Health: -2/160     AC: 26    Str: 29    XL:     12   Next: 17%
Magic:  11/11      EV:  9    Int:  3    God:    Trog [*****.]
Gold:   526        SH: 11    Dex: 11    Spells: 11/11 levels left

rFire    + . .     SeeInvis .   K - +1 broad axe
rCold    . . .     Faith    .   H - +1 kite shield
rNeg     . . .     Spirit   .   m - +0 plate armour
rPois    .         Reflect  .   (helmet restricted)
rElec    .         Harm     .   y - +2 cloak
rCorr    .         Rampage  .   (no gloves)
Will     ++...     NoTele   +   e - +2 pair of boots
Stlth    ..........             h - amulet of the acrobat
HPRegen  0.36/turn              M - +4 ring of protection
MPRegen  0.12/turn              d - ring of Qiumirr {rF+ Will++ Str+4 Int-2}

@: berserking, lethally poisoned (-2 -> -58), slowed, studying Bows
A: horns 2, retaliatory headbutt
a: Renounce Religion, Berserk, Trog's Hand, Brothers in Arms


You were in a Gauntlet.
You worshipped Trog.
Trog was extremely pleased with you.
You visited 2 branches of the dungeon, and saw 11 of its levels.
You visited the Abyss 1 time.
You also visited: Ossuary and Gauntlet.

You collected 917 gold pieces.
You spent 391 gold pieces at shops.

Inventory:

Hand Weapons
 a - a +1 hand axe
 K - a +1 broad axe (weapon)
Armour
 e - a +2 pair of boots (worn)
 m - a +0 plate armour (worn)
 y - a +2 cloak (worn)
 H - a +1 kite shield (worn)
Jewellery
 d - the ring of Qiumirr (right hand) {rF+ Will++ Str+4 Int-2}
   (You acquired it on level 7 of the Dungeon)

   [ring of protection from fire]

   Str:       It affects your strength (+4).
   Int:       It affects your intelligence (-2).
   rF:        It protects you from fire.
   Will:      It greatly increases your willpower.
 h - an amulet of the acrobat (around neck)
 j - a +6 ring of dexterity
 n - a ring of fire
 s - a +4 ring of evasion
 A - a ring of ice
 I - a ring of willpower
 M - a +4 ring of protection (left hand)
 P - a +4 ring of slaying
 Q - a ring of positive energy
Wands
 b - a wand of charming (5)
 t - a wand of digging (4)
 C - a wand of flame (30)
 D - a wand of mindburst (17)
 L - a wand of iceblast (10)
 N - a wand of paralysis (10)
Scrolls
 f - 6 scrolls of teleportation
 l - a scroll of enchant weapon
 o - a scroll of fog
 r - a scroll of identify
 u - a scroll of immolation {unknown}
 v - 3 scrolls of amnesia
 F - a scroll of fear
 O - a scroll of magic mapping
Potions
 c - 4 potions of flight
 g - 2 potions of mutation
 i - 2 potions of resistance {unknown}
 k - 2 potions of curing
 p - 2 potions of berserk rage
 q - 3 potions of cancellation
 w - a potion of magic {unknown}
 x - 5 potions of haste
 z - 3 potions of heal wounds
 B - 3 potions of lignification
 E - 2 potions of might
 G - a potion of brilliance {unknown}
 J - a potion of degeneration {unknown}


   Skills:
 * Level 10.5 Fighting
 * Level 15.2 Axes
 * Level 11.2 Armour
 * Level 8.9 Dodging
 * Level 4.9 Shields


You had 11 spell levels left.
You didn't know any spells.
Your spell library was empty.

Dungeon Overview and Level Annotations

Branches:
Dungeon (9/15)             Temple (0/1) D:5            Lair (2/6) D:9
Ossuary (visited)         Gauntlet (1/1)
  Swamp: Lair:2-4    Shoals: Lair:2-4     Snake: Lair:2-4    Spider: Lair:2-4
    Orc: D:9-12

Altars:
Cheibriados
Fedhas
Makhleb
Okawaru
Qazlal
Uskayaw
Xom
The Shining One

Shops:
D:3 (   D:5 *   D:8 :[[

Annotations:
Lair:1 Fannar Gauntlet 9 transporters, 21 runed translucent doors


Innate Abilities, Weirdness & Mutations

You have a pair of horns on your head.
You reflexively headbutt those who attack you in melee.


Message History

You are poisoned.
You block the meliai zombie's attack.
The meliai zombie hits you but does no damage.
The death drake barely misses you.
You slash the death drake!
The death drake is lightly wounded.
Your plate armour prevents you from hitting the meliai zombie.
You are engulfed in dark miasma.
You are more poisoned.
You feel yourself slow down.
You feel extremely sick.
You block the meliai zombie's attack. x2; The death drake barely misses you.
You slice the meliai zombie!! You headbutt the meliai zombie!
The meliai zombie is heavily damaged.
You hit the death drake.
You are engulfed in dark miasma.
You are lethally poisoned!
You feel as though you will be slow longer.
You feel extremely sick.
The meliai zombie hits you but does no damage.
You block the meliai zombie's attack. The death drake bites you.
* * * LOW HITPOINT WARNING * * *
You block the meliai zombie's attack. The meliai zombie barely misses you.
You slice the meliai zombie!! You headbutt the meliai zombie!
You destroy the meliai zombie!
Trog accepts your kill.
You hit the death drake.
You are engulfed in dark miasma.
You are more poisoned.
* * * LOW HITPOINT WARNING * * *
x2 You feel extremely sick.
The death drake bites you but does no damage.
The spectral wolf spider hits you but does no damage.
You block the spectral wolf spider's attack.
You barely miss the spectral wolf spider.
You slice the death drake!!
* * * LOW HITPOINT WARNING * * *
You feel extremely sick. The death drake breathes miasma at you.
The foul vapour engulfs you but does no damage.
The spectral wolf spider hits you.
You die...

.#≈≈≈≈8≈§§§#........©#......#8#
.###########.#############..###
.#45#.#.#.##.#.#.........#..#
.#5#......5#.#.#.##...##.#..#
.##.#.#.##5#.#.#.#.###.#.#..#
.#..#.####?#.#.#..##.##..#..#
©###.####.4#©#.#ZZ○.©....#..#
###.#.####2###.#Zk##○##..####
.#.##.##.$##...#@#°###.#.#©...
.#.#..#. #.#...#○##...##.####.
.###©.## .##...#○○ =©=...#..#..
§####### ###...##########
...... ....§........... §
...≈8≈............∩#.8.. .
....§§............≈#...# .
###...###########..#.8.# .
=...#..#....


You could see a reaper, a death drake, a hellwing, a spectral wolf spider, a
spectral meliai, 2 shadow imps and a centaur warrior zombie.

Vanquished Creatures
  A dire elephant (Gauntlet)
  3 two-headed ogres (D:9)
  A thrashing horror (Abyss:3)
  A sun demon (Abyss:2)
  3 large abominations (Abyss:2)
  2 manticores (D:9)
  2 apocalypse crabs
  2 elephants (Gauntlet)
  Psyche (D:8)
  2 cane toads (Lair:1)
  3 hornets (Gauntlet)
  4 blink frogs (Lair:1)
  Grinder (D:6)
  2 raiju (Abyss:3)
  A meliai zombie (Gauntlet)
  A wraith (D:9)
  6 yaks
  2 wyverns
  A chaos spawn (Abyss:2)
  3 water moccasins
  4 orc warriors
  9 black bears
  A sky beast (D:6)
  2 ice beasts
  2 necrophages
  An ogre (D:5)
  4 small abominations
  5 centaurs
  A kobold brigand (D:9)
  10 bullfrogs
  A gnoll sergeant (D:9)
  A wyvern zombie (D:9)
  A scorpion (D:4)
  A water moccasin zombie (D:6)
  2 wyvern skeletons
  4 killer bees (D:9)
  3 wights (D:8)
  6 electric eels (D:9)
  A howler monkey (D:5)
  3 crimson imps (D:3)
  A bullfrog zombie (D:4)
  2 centaur zombies (D:5)
  5 hounds
  2 jellies (D:5)
  4 gnoll shamans
  6 orc priests
  2 bullfrog skeletons
  3 centaur skeletons
  5 iguanas
  6 orc wizards
  A killer bee zombie (D:9)
  8 mummies (Ossuary)
  A howler monkey zombie (D:8)
  3 adders
  7 gnolls
  2 white imps (D:7)
  An ufetubus (D:5)
  2 worms (D:2)
  4 dart slugs
  19 orcs
  6 ball pythons
  An endoplasm (D:2)
  2 giant cockroaches (D:1)
  A gnoll zombie (Ossuary)
  4 goblins
  6 hobgoblins
  9 jackals
  6 quokkas
  3 bats (D:1)
  2 frilled lizards
  4 hobgoblin zombies (Ossuary)
  9 kobolds
  3 kobold zombies (Ossuary)
  2 quokka zombies (D:7)
  7 rats
  A lurking horror (Abyss:2)
254 creatures vanquished.

Vanquished Creatures (others)
  A floating eye (Abyss:2)
  14 demonic plants (Gauntlet)
  8 fungi
  2 lurking horrors (Abyss:2)
  32 plants
  6 starspawn tentacles (Abyss:2)
  3 withered plants (Gauntlet)
66 creatures vanquished.

Grand Total: 320 creatures vanquished

Notes
Turn   | Place    | Note
-------+----------+-------------------------------------------
     0 | D:1      | CrypticCrinoid the Minotaur Berserker began the quest for
                  | the Orb.
     0 | D:1      | Reached XP level 1. HP: 19/19 MP: 0/0
    56 | D:1      | Reached XP level 2. HP: 19/27 MP: 1/1
   295 | D:1      | Reached skill level 4 in Axes
   445 | D:1      | Found a faded altar of an unknown god.
   664 | D:1      | Reached XP level 3. HP: 30/33 MP: 2/2
  1677 | D:2      | Reached ** piety under Trog
  1678 | D:2      | Reached XP level 4. HP: 21/41 MP: 3/3
  1898 | D:2      | Found a blossoming altar of Fedhas.
  2091 | D:2      | Noticed a black bear
  2097 | D:2      | Killed a black bear
  2098 | D:2      | Reached skill level 5 in Fighting
  2098 | D:2      | Reached skill level 5 in Axes
  2098 | D:2      | Reached XP level 5. HP: 38/48 MP: 4/4
  2671 | D:3      | Found an iron altar of Okawaru.
  2824 | D:3      | Found Xavaen's Antique Weapon Boutique.
  3234 | D:3      | Found a shimmering altar of Xom.
  3244 | D:3      | Reached XP level 6. HP: 56/56 MP: 5/5
  3343 | D:3      | Found a stormy altar of Qazlal.
  3494 | D:4      | Reached skill level 5 in Armour
  3634 | D:4      | Reached XP level 7. HP: 61/61 MP: 6/6
  3655 | D:4      | Reached skill level 6 in Axes
  3877 | D:4      | Found a glowing golden altar of the Shining One.
  3879 | D:4      | Found a snail-covered altar of Cheibriados.
  4093 | D:4      | Found a burning altar of Makhleb.
  4490 | D:5      | Entered Level 5 of the Dungeon
  4699 | D:5      | Found Paklejin's Assorted Antiques.
  4717 | D:5      | Bought a smoky pink potion for 21 gold pieces
  4806 | D:5      | Reached *** piety under Trog
  4807 | D:5      | Reached skill level 7 in Axes
  5130 | D:5      | Found a staircase to the Ecumenical Temple.
  5142 | D:5      | Reached skill level 5 in Dodging
  5154 | D:5      | Reached XP level 8. HP: 70/70 MP: 7/7
  5334 | D:6      | Noticed Grinder
  5345 | D:6      | Paralysed by Grinder for 4 turns
  5350 | D:6      | Found a hide-covered altar of Uskayaw.
  5357 | D:6      | Killed Grinder
  5358 | D:6      | Reached skill level 8 in Axes
  5507 | D:6      | Reached skill level 9 in Axes
  6004 | D:7      | Reached XP level 9. HP: 78/78 MP: 8/8
  6006 | D:7      | Reached skill level 10 in Axes
  6046 | D:7      | Identified a scroll of acquirement
  6046 | D:7      | Acquired the ring of Qiumirr {rF+ Will++ Str+4 Int-2}
  6146 | D:7      | Reached **** piety under Trog
  6157 | D:7      | Reached skill level 11 in Axes
  6188 | D:7      | Found a sand-covered staircase.
  6195 | Ossuary  | Entered an ossuary
  6956 | D:8      | Found Poolia's Book Shoppe.
  7058 | D:8      | Noticed Psyche
  7068 | D:8      | Cast into level 2 of the Abyss (Psyche)
  7137 | Abyss:2  | Noticed a large abomination
  7138 | Abyss:2  | Reached XP level 10. HP: 75/88 MP: 9/9
  7145 | Abyss:2  | Killed a large abomination
  7146 | Abyss:2  | Reached skill level 12 in Axes
  7159 | Abyss:2  | Noticed an ophan
  7315 | Abyss:2  | Noticed a large abomination
  7324 | Abyss:2  | Killed a large abomination
  7456 | Abyss:2  | Noticed a sun demon
  7457 | Abyss:2  | Noticed an apocalypse crab
  7473 | Abyss:2  | Killed a sun demon
  7477 | Abyss:2  | Noticed a glowing orange brain
  7480 | Abyss:2  | Killed an apocalypse crab
  7498 | Abyss:2  | Noticed a starcursed mass
  7507 | Abyss:2  | Reached skill level 13 in Axes
  7507 | Abyss:2  | Noticed a rakshasa
  7579 | Abyss:3  | Noticed a thrashing horror
  7587 | Abyss:3  | Noticed a boulder beetle
  7590 | Abyss:3  | Killed a thrashing horror
  7593 | Abyss:3  | Noticed an apocalypse crab
  7605 | Abyss:3  | Killed an apocalypse crab
  7610 | D:8      | Escaped the Abyss
  7637 | D:8      | Killed Psyche
  7637 | D:8      | Reached ***** piety under Trog
  7638 | D:8      | Reached XP level 11. HP: 31/97 MP: 10/10
  8130 | D:8      | Found Ufroun's Armour Shoppe.
  8141 | D:8      | Bought a +2 pair of boots for 231 gold pieces
  8160 | D:8      | Found Cineto's Antique Armour Emporium.
  8170 | D:8      | Bought a kite shield for 139 gold pieces
  8880 | D:9      | Reached skill level 1 in Shields
  9266 | D:9      | Reached skill level 10 in Armour
  9721 | D:9      | Reached skill level 14 in Axes
  9787 | D:9      | Noticed a two-headed ogre
  9795 | D:9      | Killed a two-headed ogre
  9805 | D:9      | Received a gift from Trog
  9855 | D:9      | Noticed a two-headed ogre
  9855 | D:9      | Noticed a two-headed ogre
  9864 | D:9      | Killed a two-headed ogre
  9867 | D:9      | Killed a two-headed ogre
 10058 | D:9      | Reached skill level 10 in Fighting
 10334 | D:9      | Found a staircase to the Lair.
 10560 | Lair:1   | Entered Level 1 of the Lair of Beasts
 10678 | Lair:1   | Found a gate leading to a gauntlet.
 10696 | Lair:1   | Noticed Fannar
 10700 | Lair:1   | Reached skill level 15 in Axes
 11016 | Gauntlet | Entered a Gauntlet
 11016 | Gauntlet | Found a transporter.
 11016 | Gauntlet | Found a transporter.
 11021 | Gauntlet | Found a transporter.
 11036 | Gauntlet | Found a transporter.
 11043 | Gauntlet | Noticed a dire elephant
 11050 | Gauntlet | Found a transporter.
 11063 | Gauntlet | Found a transporter.
 11068 | Gauntlet | Noticed a death drake
 11082 | Gauntlet | Found a transporter.
 11154 | Gauntlet | Found a transporter.
 11163 | Gauntlet | Found a transporter.
 11165 | Gauntlet | Found a large runed translucent door.
 11165 | Gauntlet | Found a large runed translucent door.
 11166 | Gauntlet | Found a large runed translucent door.
 11166 | Gauntlet | Found a large runed translucent door.
 11167 | Gauntlet | Found a runed translucent door.
 11167 | Gauntlet | Found a large runed translucent door.
 11167 | Gauntlet | Found a large runed translucent door.
 11167 | Gauntlet | Found a runed translucent door.
 11167 | Gauntlet | Found a large runed translucent door.
 11167 | Gauntlet | Found a large runed translucent door.
 11168 | Gauntlet | Found a large runed translucent door.
 11168 | Gauntlet | Found a large runed translucent door.
 11171 | Gauntlet | Found a large runed translucent door.
 11171 | Gauntlet | Found a large runed translucent door.
 11173 | Gauntlet | Found a large runed translucent door.
 11173 | Gauntlet | Found a large runed translucent door.
 11173 | Gauntlet | Found a large runed translucent door.
 11175 | Gauntlet | Found a runed translucent gate.
 11175 | Gauntlet | Found a runed translucent gate.
 11175 | Gauntlet | Found a runed translucent gate.
 11177 | Gauntlet | Found a transporter.
 11185 | Gauntlet | Noticed a hell hog
 11188 | Gauntlet | Found a large runed translucent door.
 11190 | Gauntlet | Found a transporter.
 11280 | Gauntlet | Found a transporter.
 11289 | Gauntlet | Paralysed by a hornet for 3 turns
 11297 | Gauntlet | Reached XP level 12. HP: 60/107 MP: 11/11
 11299 | Gauntlet | Found a transporter.
 11592 | Gauntlet | Killed a dire elephant
 11665 | Gauntlet | Noticed a reaper
 11898 | Gauntlet | Found a transporter.
 11919 | Gauntlet | HP: 4/160 [poisoned by a death drake (dark miasma)]
 11919 | Gauntlet | Slain by a spectral wolf spider

Illustrated notes

Levels and vault maps discovered:
D:1:      nicolae_arrival_washed_ashore, layout_basic,
          hellmonk_ecumenical_altar_heavens_door
D:2:      layout_basic, basic_altar
D:3:      layout_loops_ring, led_xom_imps, mainiacjoe_overflow_big_doors,
          serial_shops, nicolae_shop_crystal
D:4:      layout_basic, lightli_temple_of_fire,
          mainiacjoe_overflow_catwalk_spiral, kennysheep_opposing_triangles
D:5:      layout_basic, temple_doors_e, serial_shops, shop_fountains,
          kennysheep_generic_room_12
D:6:      layout_cave_pools, mainiacjoe_overflow_alcove_4, uniq_grinder
D:7:      layout_rooms, enter_ossuary_4, minmay_manual_mandibuliform
D:8:      layout_basic, serial_shops, shop, nicolae_shop_crystal,
          nicolae_lakefront_shop, uniq_psyche
D:9:      kennysheep_town
Lair:1:   layout_misc_corridors, gauntlet_entry_generic, uniq_grum, uniq_fannar
Lair:2:   nzn_winding_woodlands_stair_cross
          [nzn_winding_woodlands_5x15_concentric,
          nzn_winding_woodlands_center_lodge, nzn_winding_woodlands_5x15_zeroes,
          nzn_winding_woodlands_5x5_open_star,
          nzn_winding_woodlands_5x5_perimeter,
          nzn_winding_woodlands_5x15_sawtooth,
          nzn_winding_woodlands_center_diamonds,
          nzn_winding_woodlands_5x15_pockets], layout_loops_ring,
          grunt_megastairs_4
Gauntlet: gammafunk_gauntlet_branching [nicolae_gauntlet_arena_x,
          gammafunk_gauntlet_arena_split_x, gammafunk_gauntlet_arena_open,
          gammafunk_gauntlet_arena_mazey, gammafunk_gauntlet_arena_arrow_garden,
          minmay_gauntlet_arena_make_your_own_arena,
          gammafunk_gauntlet_arena_corners, gammafunk_gauntlet_arena_chambers,
          gauntlet_exit_green]

Skill      XL: |  1  2  3  4  5  6  7  8  9 10 11 |
---------------+----------------------------------+-----
Fighting       | 4 5 6 8 9 10 | 10.5
Axes           | 4 5 7 9 11 13 15 | 15.2
Armour         | 3 4 5 6 7 9 11 | 11.2
Dodging        | 3 4 5 6 7 8 |  8.9
Shields        | 4 |  4.9

Action                   |  1- 3 |  4- 6 |  7- 9 | 10-12 || total
-------------------------+-------+-------+-------+-------++-------
Melee: Hand axe          |    64 |    83 |   262 |   107 ||   516
       Headbutt          |     7 |    15 |    71 |    80 ||   173
       Broad axe         |       |       |       |   224 ||   224
Invok: Berserk           |       |     1 |     4 |    10 ||    15
  Use: Scroll            |     2 |       |    13 |    11 ||    26
       Potion            |       |       |       |     6 ||     6
Armor: Animal skin       |     3 |       |       |       ||     3
       Leather armour    |    10 |       |       |       ||    10
       Ring mail         |     7 |    26 |    66 |       ||    99
       Plate armour      |       |       |    22 |   190 ||   212
Dodge: Dodged            |    48 |    58 |   252 |   175 ||   533
Block: Kite shield       |       |       |       |   154 ||   154
